 Dungeon Crawl Stone Soup version 0.20.0-10-g0535bb4 (webtiles) character file.

1024 anfisbena the Slasher (level 8, -2/44 HPs)
             Began as a Vine Stalker Fighter on June 4, 2017.
             Slain by an orc
             ... wielding a +0 trident
              (3 damage)
             ... while paralysed by Grinder
             ... on level 5 of the Dungeon.
             The game lasted 00:04:11 (3200 turns).

anfisbena the Slasher (Vine Stalker Fighter)        Turns: 3200, Time: 00:04:11

Health: -2/44      AC:  8    Str: 20    XL:     8   Next: 22%
Magic:  0/9        EV:  2    Int:  8    God:
Gold:   298        SH:  0    Dex: 15    Spells: 7/7 levels left

rFire    . . .     SeeInvis .   a - +0 long sword
rCold    . . .     Gourm    .   y - +0 shield
rNeg     . . .     Faith    .   b - +0 scale mail
rPois    .         Spirit   +   n - +0 helmet
rElec    .         Reflect  .   (no cloak)
rCorr    .         Harm     .   (no gloves)
MR       +....                  l - +0 pair of boots
Stlth    ..........             (no amulet)
Regen    0.6/turn               (no ring)
MPRegen  0.2/turn               (no ring)

@: paralysed
A: fangs 3, regeneration 1, magic shield, antimagic bite, no potion heal 3, rot
immunity
a: no special abilities


You were on level 5 of the Dungeon.
You were not hungry.

You visited 1 branch of the dungeon, and saw 5 of its levels.

You collected 298 gold pieces.

Inventory:

Hand Weapons
 a - a +0 long sword (weapon)
Armour
 b - a +0 scale mail (worn)
 l - a +0 pair of boots (worn)
 n - a +0 helmet (worn)
 y - a +0 shield (worn)
 B - a +0 pair of gloves
Scrolls
 e - 2 scrolls of immolation {unknown}
 g - 3 scrolls of remove curse {unknown}
 i - 6 scrolls of identify {unknown}
 m - a scroll of fog {unknown}
 t - a scroll of magic mapping {unknown}
 u - 3 scrolls of teleportation {unknown}
 x - a scroll of enchant armour {unknown}
Potions
 d - 2 potions of might
 j - a potion of agility {unknown}
 k - 3 potions of mutation {unknown}
 o - 5 potions of curing {unknown}
 p - 2 potions of heal wounds {unknown}
 q - 2 potions of lignification {unknown}
 s - a potion of cancellation {unknown}
 v - a potion of resistance {unknown}
 z - a potion of berserk rage {unknown}
 A - a potion of brilliance {unknown}
Comestibles
 c - 7 chunks of flesh
 f - 4 bread rations
 h - 4 meat rations
 r - a royal jelly
 w - 3 fruits


   Skills:
 + Level 5.5 Fighting
 * Level 7.2 Long Blades
 - Level 2.4 Armour
 - Level 2.6 Shields


You had 7 spell levels left.
You didn't know any spells.

Dungeon Overview and Level Annotations

Branches:
Dungeon (5/15)
 Temple: D:4-7

Altars:
Gozag
Zin

Shops:
D:4 %

Annotations:
D:5 Grinder, Prince Ribbit


Innate Abilities, Weirdness & Mutations

You have razor-sharp teeth.
Your natural rate of healing is unusually fast.
When hurt, damage is shared between your health and your magic reserves.
Your bite disrupts and absorbs the magic of your enemies.
Potions cannot restore your health.
You are immune to rotting.


Message History

The worker ant barely misses you.
You closely miss Grinder.
Grinder is severely wounded.
Prince Ribbit croaks regally.
Prince Ribbit blinks!
Grinder says, "Don't move a muscle."
Grinder hits you but does no damage. You block the orc's attack.
The worker ant barely misses you.
Prince Ribbit hits you but does no damage.
Grinder gestures at you.
You suddenly lose the ability to move!
The worker ant bites you but does no damage.
Prince Ribbit hits you!
* * * LOW HITPOINT WARNING * * *
The orc hits you but does no damage. Grinder completely misses you.
Prince Ribbit hits you but does no damage.
The worker ant bites you.
* * * LOW HITPOINT WARNING * * *
The orc hits you with a trident.
You die...

.....# ......
.......##
.........#
..........#
........%.#
..........#####
.........ao<..#
........§@F..#
........5....#
##.####........#
.........#######
#.####)†#### ##
.#### #.....##.#
....F.####........#
#.oo.)F.......##
######
##.####.........
......


You could see Prince Ribbit, Grinder, a worker ant and an orc.

Vanquished Creatures
  The ghost of Amianthus the Skirmisher, an amateur DsFi (D:4)
  Duvessa (D:4)
  2 ogres
  Dowan (D:4)
  A howler monkey (D:5)
  A bullfrog zombie (D:5)
  A quasit (D:4)
  A hound (D:4)
  A centaur skeleton (D:4)
  3 iguanas (D:4)
  Natasha (twice) (D:3)
  An orc wizard (D:4)
  A worker ant (D:5)
  A hound zombie (D:4)
  8 gnolls
  4 adders
  An ooze (D:3)
  5 worms
  A dart slug (D:5)
  2 leopard geckos
  9 orcs
  4 giant cockroaches
  8 hobgoblins
  9 jackals (D:1)
  9 kobolds
  3 quokkas
  5 ball pythons
  10 bats
  4 frilled lizards
  5 goblins
  A leopard gecko skeleton (D:4)
  A leopard gecko zombie (D:5)
  2 rats
109 creatures vanquished.

Notes
Turn   | Place    | Note
-------+----------+-------------------------------------------
     0 | D:1      | anfisbena the Vine Stalker Fighter began the quest for the Orb.
     0 | D:1      | Reached XP level 1. HP: 11/11 MP: 2/2
   198 | D:1      | Reached skill level 2 in Long Blades
   198 | D:1      | Reached XP level 2. HP: 16/16 MP: 3/3
   772 | D:1      | Reached XP level 3. HP: 15/20 MP: 2/4
  1194 | D:2      | Reached skill level 3 in Long Blades
  1594 | D:2      | Gained mutation: Your natural rate of healing is unusually fast. [Vine Stalker growth]
  1594 | D:2      | Reached XP level 4. HP: 14/24 MP: 3/5
  1687 | D:2      | Found a glowing silver altar of Zin.
  1688 | D:2      | Found an opulent altar of Gozag.
  2172 | D:3      | Noticed Natasha
  2182 | D:3      | Killed Natasha
  2182 | D:3      | Reached XP level 5. HP: 27/29 MP: 6/6
  2192 | D:3      | Noticed Natasha
  2199 | D:3      | Killed Natasha
  2199 | D:3      | Reached skill level 4 in Long Blades
  2315 | D:4      | Found Ajivif's Food Shop.
  2319 | D:4      | Noticed Dowan
  2321 | D:4      | Noticed Duvessa
  2348 | D:4      | Killed Duvessa
  2348 | D:4      | Reached XP level 6. HP: 13/33 MP: 7/7
  2359 | D:4      | Killed Dowan
  2359 | D:4      | Reached skill level 5 in Long Blades
  2428 | D:4      | Noticed Amianthus's ghost (amateur DsFi)
  2441 | D:4      | Killed Amianthus's ghost
  2441 | D:4      | Reached XP level 7. HP: 25/38 MP: 8/8
  2615 | D:4      | Reached skill level 6 in Long Blades
  2673 | D:4      | Reached skill level 5 in Fighting
  2713 | D:4      | Found an opulent altar of Gozag.
  2991 | D:5      | Entered Level 5 of the Dungeon
  3107 | D:5      | Gained mutation: You have razor-sharp teeth. [Vine Stalker growth]
  3107 | D:5      | Reached XP level 8. HP: 43/43 MP: 9/9
  3109 | D:5      | Noticed Grinder
  3118 | D:5      | Reached skill level 7 in Long Blades
  3119 | D:5      | Noticed Prince Ribbit
  3198 | D:5      | Paralysed by Grinder for 6 turns
  3199 | D:5      | HP: 1/44 [Prince Ribbit (13)]
  3200 | D:5      | Slain by an orc

Skill      XL: |  1  2  3  4  5  6  7  8 |
---------------+-------------------------+-----
Fighting       | 3 4 5 |  5.5
Long Blades    | 2 3 4 5 6 7 |  7.2
Armour         | |  2.4
Shields        | |  2.6

Action                   |  1- 3 |  4- 6 |  7- 9 || total
-------------------------+-------+-------+-------++-------
Melee: Long sword        |   103 |   143 |   122 ||   368
       Bite              |    23 |    51 |    43 ||   117
  Eat: Chunk             |     2 |     3 |     3 ||     8
Armor: Scale mail        |    83 |    52 |    62 ||   197
Dodge: Dodged            |    36 |    47 |    33 ||   116
Block: Shield            |    68 |    73 |    70 ||   211
       Rpst.: Long sword |    14 |    15 |     6 ||    35
